 Dungeon Crawl Stone Soup version 0.26-a0-264-g3a471323bd (webtiles) character file.

Game seed: 8563449865816575118

49 BritishOli the Skirmisher (level 3, 23/29 HPs)
             Began as a Demonspawn Fighter on July 11, 2020.
             Quit the game on level 2 of the Dungeon.
             The game lasted 00:00:46 (1180 turns).

BritishOli the Skirmisher (Demonspawn Fighter)      Turns: 1180, Time: 00:00:47

Health: 23/29      AC:  6    Str: 17    XL:     3   Next: 51%
Magic:  3/3        EV:  7    Int:  9    God:
Gold:   127        SH:  9    Dex: 12    Spells: 2/2 levels left

rFire    . . .     SeeInvis .   a - +0 long sword
rCold    . . .     Faith    .   c - +0 kite shield
rNeg     . . .     Spirit   +   b - +0 scale mail
rPois    .         Reflect  .   (no helmet)
rElec    .         Harm     .   (no cloak)
rCorr    .                      (no gloves)
MR       .....                  (no boots)
Stlth    ..........             (no amulet)
HPRegen  0.09/turn              (no ring)
MPRegen  0.08/turn              (no ring)

@: no status effects
A: demonic guardian 1, magic shield
a: no special abilities


You were on level 2 of the Dungeon.
You were not hungry.

You visited 1 branch of the dungeon, and saw 2 of its levels.

You collected 127 gold pieces.

Inventory:

Hand Weapons
 a - a +0 long sword (weapon)
Armour
 b - a +0 scale mail (worn)
 c - a +0 kite shield (worn)
Scrolls
 g - 4 scrolls of identify {unknown}
 h - a scroll of enchant weapon {unknown}
 l - 2 scrolls of remove curse {unknown}
Potions
 d - a potion of might
 e - 2 potions of degeneration {unknown}
 i - a potion of curing {unknown}
 j - 2 potions of magic {unknown}
 k - a potion of berserk rage {unknown}
 m - a potion of brilliance {unknown}
Comestibles
 f - 9 rations


   Skills:
 + Level 3.3 Fighting
 * Level 2.5 Long Blades
 * Level 3.2 Armour
 + Level 3.0 Shields


You had 2 spell levels left.
You didn't know any spells.
Your spell library was empty.

Dungeon Overview and Level Annotations

Branches:
Dungeon (2/15)

Altars:


Innate Abilities, Weirdness & Mutations

A weak demonic guardian rushes to your aid.
When hurt, damage is shared between your health and your magic reserves.


Message History

A hound is nearby!
You barely miss the hound. The hound barely misses you.
You riposte.
You closely miss the hound. The hound bites you.
You slash the hound!
The hound is severely wounded.
The hound bites you but does no damage. The hound bites you.
A hound is nearby!
You closely miss the hound.
The hound is severely wounded.
The hound barely misses you. x2; The hound bites you but does no damage.
A hound is nearby!
You slash the hound!
You kill the hound!
Your Shields skill increases to level 3!
You have reached level 3!
Your experience leads to an increase in your attributes!
Increase (S)trength, (I)ntelligence, or (D)exterity?
You feel stronger.
Your demonic ancestry asserts itself...
You feel your magical essence form a protective shroud around your flesh.
Are you sure you want to abandon this character and quit the game? (Confirm with "yes".)

...>....[#
.........# #.#
###'###### #.#
#.# #.# #.# #.#
#.# #.# #.# #.#
#.# #.# #.# #@#
#.############5#
#..............#
#.##############
###


You could see a friendly iron imp (summoned).

Vanquished Creatures
  A hound (D:2)
  A worm (D:2)
  A dart slug (D:2)
  2 ball pythons
  2 giant cockroaches
  A goblin (D:2)
  A hobgoblin (D:1)
  3 kobolds
  A bat (D:1)
  3 frilled lizards
  2 rats (D:1)
18 creatures vanquished.

Notes
Turn   | Place    | Note
-------+----------+-------------------------------------------
     0 | D:1      | BritishOli the Demonspawn Fighter began the quest for the
                  | Orb.
     0 | D:1      | Reached XP level 1. HP: 18/18 MP: 1/1
   500 | D:1      | Gained mutation: A weak demonic guardian rushes to your
                  | aid. [demonic ancestry]
   500 | D:1      | Reached XP level 2. HP: 24/24 MP: 2/2
  1179 | D:2      | Gained mutation: When hurt, damage is shared between your
                  | health and your magic reserves. [demonic ancestry]
  1179 | D:2      | Reached XP level 3. HP: 23/29 MP: 3/3
  1180 | D:2      | Quit the game

Illustrated notes

Levels and vault maps discovered:
D:1:      minmay_arrival_five_plusses, layout_basic, nrook_loot_triangle
D:2:      layout_basic

Skill      XL: |  1  2 |
---------------+-------+-----
Long Blades    | 2 |  2.5
Armour         | 3 |  3.2
Shields        | 3 |  3.0
Fighting       | |  3.3

Action                   || total
-------------------------++-------
Melee: Long sword        ||    72
  Eat: Ration            ||     1
Armor: Scale mail        ||    34
Dodge: Dodged            ||    16
Block: Kite shield       ||    33
       Rpst.: Long sword ||     3

Table legend:
 A = Non-vault XP
 B = Vault XP
 C = Vault XP percentage of total XP
 D = Non-vault monster count
 E = Vault monster count
 F = Vault count percentage of total count
                 A         B        C        D         E       F
            +---------+---------+-------+---------+---------+-------
      Total |      70 |       0 |   0.0 |      18 |       0 |   0.0
            +---------+---------+-------+---------+---------+-------
        D:1 |      14 |       0 |   0.0 |      10 |       0 |   0.0
        D:2 |      56 |       0 |   0.0 |       8 |       0 |   0.0
            +---------+---------+-------+---------+---------+-------
